 Dungeon Crawl Stone Soup version 0.28-a0-1555-g9ae15a6949 (webtiles) character file.

Game seed: 4753709752690821755

38 HallandMoats the Skirmisher (level 3, 0/31 HPs)
             Began as a Ghoul Monk on Jan 19, 2022.
             Was a Priest of Jiyva.
             Slain by Grinder (7 damage)
             ... on level 3 of the Dungeon.
             The game lasted 00:02:08 (1679 turns).

HallandMoats the Skirmisher (Ghoul Monk)            Turns: 1679, Time: 00:02:08

Health: 0/31       AC:  6    Str: 22    XL:     3   Next: 43%
Magic:  2/2        EV: 11    Int:  5    God:    Jiyva [***...]
Gold:   50         SH:  0    Dex: 11    Spells: 2/2 levels left

rFire   . . .      SeeInvis .   a - +0 hand axe
rCold   + . .      Faith    .   (no shield)
rNeg    + + +      Spirit   .   e - +0 ring mail
rPois   ∞          Reflect  .   (no helmet)
rElec   .          Harm     .   c - +0 cloak
rCorr   +          Rampage  .   (no gloves)
Will    .....                   (no boots)
Stlth   +.........              (no amulet)
HPRegen 1.12/turn               d - +6 ring of strength
MPRegen 0.43/turn               (no ring)

@: brilliant, inhibited regen
A: claws 1, cold resistance 1, negative energy resistance 3, inhibited
regeneration, torment resistance 2
a: Renounce Religion, Oozemancy


You were on level 3 of the Dungeon.
You worshipped Jiyva.
Jiyva was most pleased with you.
You visited 1 branch of the dungeon, and saw 3 of its levels.

You collected 50 gold pieces.

Inventory:

Hand Weapons
 a - a +0 hand axe (weapon)
Armour
 c - a +0 cloak (worn)
 e - a +0 ring mail (worn)
Jewellery
 d - a +6 ring of strength (left claw)


   Skills:
 + Level 3.6 Fighting
 * Level 3.2 Axes
 + Level 0.9 Armour
 + Level 3.0 Dodging
 - Level 2.1 Stealth


You had 2 spell levels left.
You didn't know any spells.
Your spell library contained the following spells:

 Spells                   Type           Power      Damage    Failure   Level
 Animate Skeleton         Necr           0%         N/A       65%         1
 Pain                     Necr           0%         1d4       65%         1
 Vampiric Draining        Necr           0%         2d6       95%         3


Dungeon Overview and Level Annotations

Branches:
Dungeon (3/15)

Altars:
Jiyva

Shops:
D:3 *

Annotations:
D:3 Grinder


Innate Abilities, Weirdness & Mutations

You thrive by killing the living.
You are immune to poison.
You have sharp fingernails.
Your flesh is cold resistant. (rC+)
You are immune to negative energy. (rN+++)
You do not regenerate when monsters are visible.
You are immune to unholy pain and torment.


Message History

You can move again.
It was a potion of brilliance.
You feel clever all of a sudden. Grinder barely misses you.
You closely miss Grinder. Grinder hits you but does no damage.
You slash Grinder!
Grinder is lightly wounded.
Grinder hits you.
You hit Grinder. Your claw misses Grinder.
Grinder is moderately wounded.
Grinder barely misses you.
Grinder blinks!
Grinder says, "Tell me all your secrets, or I'll kill you."
Grinder closely misses you.
You closely miss Grinder.
Grinder is moderately wounded.
Grinder hits you!
You closely miss Grinder.
Grinder is moderately wounded.
Grinder hits you. Grinder hits you!
* * * LOW HITPOINT WARNING * * *
You hit Grinder.
Grinder is moderately wounded.
Grinder hits you but does no damage.
You hit Grinder.
Grinder is heavily wounded.
Grinder hits you but does no damage.
You aren't carrying any scrolls.
Okay, then.
You hit Grinder.
Grinder is heavily wounded.
Grinder hits you!
* * * LOW HITPOINT WARNING * * *
You hit Grinder.
Grinder is severely wounded.
Grinder closely misses you.
You closely miss Grinder.
Grinder is heavily wounded.
Grinder says, "Wait up."
Grinder hits you!
You die...

#############
............########
.#######.@5........>
###....#####
###...### #.....#
##....# .. #....#
..♣##...# ♣..♣#...#
♣..#..∩#


You could see Grinder (strong).

Vanquished Creatures
  An adder (D:3)
  A worm (D:2)
  A dart slug (D:1)
  7 bats
  2 goblins (D:2)
  A hobgoblin (D:2)
  3 jackals (D:2)
  A kobold (D:1)
  2 ball pythons (D:1)
  A frilled lizard (D:3)
  5 rats
  A bush (D:2)
26 creatures vanquished.

Vanquished Creatures (others)
  2 adders (D:2)
  An endoplasm (D:2)
  A kobold (D:2)
  A quokka (D:2)
  A bat (D:2)
  A frilled lizard (D:2)
  A rat (D:2)
  5 plants (D:2)
13 creatures vanquished.

Grand Total: 39 creatures vanquished

Notes
Turn   | Place    | Note
-------+----------+-------------------------------------------
     0 | D:1      | HallandMoats the Ghoul Monk began the quest for the Orb.
     0 | D:1      | Reached XP level 1. HP: 19/19 MP: 0/0
   240 | D:1      | Found a faded altar of an unknown god.
   255 | D:1      | Prayed at the altar of an unknown god.
   255 | D:1      | Became a worshipper of Jiyva Juwumnau the Shapeless
   255 | D:1      | Reached * piety under Jiyva
   255 | D:1      | Reached ** piety under Jiyva
   302 | D:1      | Reached XP level 2. HP: 26/26 MP: 1/1
   342 | D:1      | Reached *** piety under Jiyva
  1174 | D:2      | Reached XP level 3. HP: 31/31 MP: 2/2
  1635 | D:3      | Found Zygeh's General Store.
  1657 | D:3      | Noticed Grinder
  1657 | D:3      | Paralysed by Grinder for 7 turns
  1679 | D:3      | Slain by Grinder

Illustrated notes

Levels and vault maps discovered:
D:1:      wander_arrival_abandoned_jail, layout_basic,
          hellmonk_ecumenical_altar_zigzags
D:2:      layout_loops_ring, serial_forest, infiniplex_forest_clump_small,
          infiniplex_forest_straight_3, infiniplex_forest_straight_3,
          infiniplex_forest_straight_1, infiniplex_forest_corner_1,
          infiniplex_forest_clump_small, infiniplex_forest_clump_tiny,
          infiniplex_forest_straight_4
D:3:      layout_basic, kennysheep_ying_yang, pdpol_wu_jian_five_deadly_venoms,
          gammafunk_ghost_nasty_kobolds, serial_shops, shop, minmay_cupped,
          uniq_grinder

Skill      XL: |  1  2  3 |
---------------+----------+-----
Axes           | 3 |  3.2
Dodging        | 3 |  3.0
Fighting       | |  3.6
Armour         | |  0.9
Stealth        | |  2.1

Action                   || total
-------------------------++-------
Melee: Hand axe          ||   264
       Punch             ||     6
  Use: Potion            ||     1
 Stab: Sleeping          ||     1
Armor: Robe              ||    20
       Ring mail         ||    23
Dodge: Dodged            ||    67

Table legend: (Time is in decaauts)
 A = Elapsed time spent in this place.
 B = Non-inter-level travel time spent in this place.
 C = Inter-level travel time spent in this place.
 D = Time resting spent in this place.
 E = Time spent auto-exploring this place.
 F = Levels seen in this place.
 G = Mean time per level.
                   A        B        C        D        E       F      G
               +--------+--------+--------+--------+--------+-----+--------+
         Total |   1716 |   1650 |     66 |      7 |   1201 |   3 |  572.0 |
       Dungeon |   1716 |   1650 |     66 |      7 |   1201 |   3 |  572.0 |
               +--------+--------+--------+--------+--------+-----+--------+

Top non-repeatable levels by time:
     D:1: 854 daAuts
     D:2: 735 daAuts
     D:3: 125 daAuts
